2964 views
Uploaded 2020-03-06 15:29:19
Game version 1.32.2
29:23 long 3on3 ladder game on (6)StranglethornVale
Saved by iggythefisk
2964 views
Uploaded 2020-03-06 15:29:19
Game version 1.32.2
29:23 long 3on3 ladder game on (6)StranglethornVale


104 units @ 8.2k
/ 0.4k
309 buildings @ 20.4k
/ 8.9k



| Orb of Fire | 3 | 975 |
| Staff of Sanctuary | 3 | 750 |
| Potion of Healing | 1 | 150 |
| Scroll of Regeneration | 1 | 100 |
| Staff of Teleportation | 3 | 450 |
| Boots of Speed | 3 | 750 |
| Orb of Venom | 3 | 975 |
| total: | 17 | 4150g |
| Peasant | 15 | 1125 | / | 0 |
| Dragonhawk Rider | 7 | 1400 | / | 210 |
| total: | 22 | 2525g | / | 210w |
| Scout Tower | 117 | 3510 | / | 2340 |
| Arcane Tower | 4 | 280 | / | 200 |
| Guard Tower | 40 | 2800 | / | 2000 |
| Altar of Kings | 1 | 180 | / | 50 |
| Farm | 7 | 560 | / | 140 |
| Lumber Mill | 2 | 240 | / | 0 |
| Arcane Vault | 3 | 390 | / | 90 |
| Barracks | 1 | 160 | / | 60 |
| Blacksmith | 1 | 140 | / | 60 |
| Arcane Sanctum | 1 | 150 | / | 140 |
| Gryphon Aviary | 1 | 140 | / | 150 |
| Keep | 1 | 320 | / | 210 |
| Castle | 2 | 720 | / | 420 |
| total: | 134 | 5470g | / | 3030w |
| 0:03 | Peasant |
| 0:03 | Peasant |
| 0:07 | Altar of Kings |
| 0:10 | Farm |
| 0:21 | Peasant |
| 0:27 | Peasant |
| 0:27 | Peasant |
| 0:59 | Farm |
| 1:01 | Scout Tower |
| 1:04 | Peasant |
| 1:04 | Peasant |
| 1:10 | Peasant |
| 1:17 | Lumber Mill |
| 1:19 | Scout Tower |
| 1:31 | Peasant |
| 1:39 | Peasant |
| 1:48 | Arcane Tower |
| 1:49 | Scout Tower |
| 1:50 | Peasant |
| 2:04 | Peasant |
| 2:12 | Blizzard |
| 2:14 | Peasant |
| 2:19 | Guard Tower |
| 2:20 | Scout Tower |
| 2:22 | Scout Tower |
| 2:37 | Peasant |
| 3:18 | Guard Tower |
| 3:20 | Scout Tower |
| 3:22 | Scout Tower |
| 3:32 | Peasant |
| 3:34 | Keep |
| 3:45 | Staff of Teleportation |
| 3:45 | Boots of Speed |
| 3:50 | Guard Tower |
| 4:01 | Improved Masonry |
| 4:31 | Guard Tower |
| 4:34 | Scout Tower |
| 4:36 | Scout Tower |
| 5:18 | Scout Tower |
| 5:19 | Scout Tower |
| 5:20 | Scout Tower |
| 5:22 | Scout Tower |
| 5:26 | Scout Tower |
| 5:30 | Scout Tower |
| 5:31 | Scout Tower |
| 5:34 | Scout Tower |
| 5:41 | Farm |
| 5:42 | Farm |
| 5:46 | Guard Tower |
| 5:46 | Guard Tower |
| 5:51 | Guard Tower |
| 5:54 | Scout Tower |
| 5:56 | Scout Tower |
| 5:57 | Scout Tower |
| 5:58 | Guard Tower |
| 6:02 | Guard Tower |
| 6:04 | Arcane Tower |
| 6:46 | Castle |
| 6:50 | Arcane Sanctum |
| 7:00 | Improved Lumber Harvesting |
| 7:17 | Guard Tower |
| 7:21 | Guard Tower |
| 8:13 | Magic Sentry |
| 8:46 | Scout Tower |
| 8:48 | Scout Tower |
| 8:49 | Scout Tower |
| 8:50 | Scout Tower |
| 8:56 | Scout Tower |
| 8:59 | Scout Tower |
| 9:05 | Advanced Masonry |
| 9:11 | Storm Bolt |
| 9:16 | Guard Tower |
| 9:25 | Brilliance Aura |
| 9:35 | Guard Tower |
| 9:37 | Arcane Vault |
| 9:41 | Arcane Tower |
| 10:16 | Holy Light |
| 10:32 | Scout Tower |
| 10:33 | Scout Tower |
| 10:35 | Scout Tower |
| 10:39 | Lumber Mill |
| 11:04 | Guard Tower |
| 11:23 | Guard Tower |
| 11:37 | Scout Tower |
| 11:38 | Scout Tower |
| 11:39 | Scout Tower |
| 11:40 | Scout Tower |
| 11:46 | Scout Tower |
| 11:47 | Scout Tower |
| 11:47 | Scout Tower |
| 11:52 | Advanced Lumber Harvesting |
| 11:52 | Imbued Masonry |
| 12:09 | Guard Tower |
| 12:10 | Guard Tower |
| 12:15 | Scout Tower |
| 12:35 | Scout Tower |
| 12:36 | Scout Tower |
| 12:38 | Scout Tower |
| 12:38 | Scout Tower |
| 12:45 | Arcane Tower |
| 12:46 | Guard Tower |
| 12:53 | Arcane Vault |
| 12:54 | Arcane Vault |
| 12:59 | Boots of Speed |
| 13:04 | Boots of Speed |
| 13:05 | Staff of Teleportation |
| 13:21 | Bash |
| 13:28 | Guard Tower |
| 13:32 | Scout Tower |
| 13:33 | Scout Tower |
| 13:33 | Scout Tower |
| 13:37 | Scout Tower |
| 13:43 | Scout Tower |
| 13:47 | Scout Tower |
| 13:49 | Scout Tower |
| 13:50 | Scout Tower |
| 14:11 | Guard Tower |
| 14:32 | Orb of Fire |
| 14:36 | Orb of Fire |
| 14:38 | Orb of Fire |
| 14:45 | Guard Tower |
| 15:09 | Guard Tower |
| 15:11 | Scout Tower |
| 15:12 | Scout Tower |
| 15:13 | Scout Tower |
| 15:14 | Guard Tower |
| 15:17 | Scout Tower |
| 15:18 | Scout Tower |
| 15:18 | Scout Tower |
| 15:19 | Scout Tower |
| 15:19 | Scout Tower |
| 15:20 | Scout Tower |
| 15:20 | Scout Tower |
| 15:21 | Scout Tower |
| 15:21 | Scout Tower |
| 15:41 | Staff of Sanctuary |
| 15:46 | Staff of Sanctuary |
| 16:04 | Orb of Venom |
| 16:07 | Guard Tower |
| 16:47 | Scout Tower |
| 16:49 | Scout Tower |
| 16:54 | Scout Tower |
| 17:09 | Scout Tower |
| 17:41 | Guard Tower |
| 17:45 | Guard Tower |
| 17:46 | Scout Tower |
| 18:22 | Scout Tower |
| 18:23 | Scout Tower |
| 18:23 | Scout Tower |
| 18:27 | Scout Tower |
| 18:27 | Scout Tower |
| 18:28 | Scout Tower |
| 18:29 | Scout Tower |
| 18:29 | Scout Tower |
| 18:30 | Scout Tower |
| 18:32 | Scout Tower |
| 18:32 | Scout Tower |
| 18:33 | Scout Tower |
| 18:38 | Scout Tower |
| 18:38 | Scout Tower |
| 18:39 | Scout Tower |
| 18:42 | Scout Tower |
| 18:43 | Scout Tower |
| 18:43 | Scout Tower |
| 18:44 | Guard Tower |
| 18:47 | Scout Tower |
| 18:48 | Scout Tower |
| 18:51 | Scout Tower |
| 18:54 | Scout Tower |
| 18:58 | Scout Tower |
| 19:08 | Scout Tower |
| 19:32 | Scout Tower |
| 19:34 | Guard Tower |
| 19:35 | Scout Tower |
| 19:56 | Scout Tower |
| 19:57 | Guard Tower |
| 20:00 | Guard Tower |
| 20:06 | Guard Tower |
| 20:19 | Scout Tower |
| 20:21 | Scout Tower |
| 20:24 | Scout Tower |
| 20:28 | Orb of Venom |
| 20:28 | Potion of Healing |
| 20:30 | Scroll of Regeneration |
| 20:45 | Scout Tower |
| 20:50 | Scout Tower |
| 20:52 | Guard Tower |
| 20:56 | Scout Tower |
| 21:01 | Gryphon Aviary |
| 21:04 | Barracks |
| 21:06 | Blacksmith |
| 21:07 | Guard Tower |
| 21:11 | Scout Tower |
| 21:11 | Scout Tower |
| 21:12 | Scout Tower |
| 21:12 | Scout Tower |
| 21:13 | Scout Tower |
| 21:18 | Guard Tower |
| 21:46 | Guard Tower |
| 23:06 | Staff of Sanctuary |
| 23:57 | Scout Tower |
| 23:59 | Scout Tower |
| 24:02 | Scout Tower |
| 24:09 | Guard Tower |
| 24:18 | Orb of Venom |
| 24:28 | Scout Tower |
| 24:51 | Guard Tower |
| 25:00 | Blizzard |
| 25:18 | Scout Tower |
| 25:19 | Scout Tower |
| 25:21 | Scout Tower |
| 25:24 | Dragonhawk Rider |
| 25:24 | Dragonhawk Rider |
| 25:25 | Dragonhawk Rider |
| 25:25 | Dragonhawk Rider |
| 25:26 | Farm |
| 25:27 | Farm |
| 25:29 | Farm |
| 25:37 | Staff of Teleportation |
| 26:10 | Guard Tower |
| 26:20 | Animal War Training |
| 26:21 | Studded Leather Armor |
| 26:38 | Scout Tower |
| 27:31 | Dragonhawk Rider |
| 27:31 | Dragonhawk Rider |
| 27:32 | Dragonhawk Rider |
| 27:35 | Scout Tower |
| 28:35 | Scout Tower |
| 28:36 | Scout Tower |
| 28:37 | Scout Tower |
| 28:38 | Scout Tower |
| 28:50 | Storm Bolt |
| 28:52 | Divine Shield |
| 29:02 | Guard Tower |
| 29:03 | Guard Tower |
| Right click | 1771 |
| Select group | 924 |
| Select | 376 |
| Use ability | 156 |
| Build/train/purchase | 135 |
| Misc. action | 78 |
| Chat | 46 |
| Minimap ping | 15 |
| Assign group | 13 |
| Esc | 12 |
| Item give/drop | 6 |



| Scroll of Regeneration | 3 | 300 |
| Staff of Sanctuary | 2 | 500 |
| Orb of Fire | 2 | 650 |
| Potion of Healing | 2 | 300 |
| Staff of Teleportation | 2 | 300 |
| Periapt of Vitality | 2 | 650 |
| Boots of Speed | 1 | 250 |
| total: | 14 | 2950g |
| Peasant | 30 | 2250 | / | 0 |
| Goblin Sapper | 1 | 215 | / | 100 |
| Goblin Zeppelin | 1 | 240 | / | 60 |
| total: | 32 | 2705g | / | 160w |
| Scout Tower | 112 | 3360 | / | 2240 |
| Arcane Tower | 2 | 140 | / | 100 |
| Guard Tower | 46 | 3220 | / | 2300 |
| Altar of Kings | 1 | 180 | / | 50 |
| Farm | 4 | 320 | / | 80 |
| Lumber Mill | 3 | 360 | / | 0 |
| Town Hall | 2 | 770 | / | 410 |
| Blacksmith | 1 | 140 | / | 60 |
| Arcane Vault | 3 | 390 | / | 90 |
| Gryphon Aviary | 1 | 140 | / | 150 |
| Keep | 1 | 320 | / | 210 |
| Castle | 1 | 360 | / | 210 |
| total: | 127 | 5660g | / | 3080w |
| 0:01 | Peasant |
| 0:05 | Altar of Kings |
| 0:12 | Peasant |
| 0:19 | Farm |
| 0:21 | Peasant |
| 0:35 | Peasant |
| 0:44 | Peasant |
| 0:50 | Lumber Mill |
| 1:01 | Peasant |
| 1:08 | Scout Tower |
| 1:12 | Scout Tower |
| 1:20 | Peasant |
| 1:29 | Farm |
| 1:29 | Peasant |
| 1:35 | Arcane Tower |
| 1:40 | Lumber Mill |
| 1:58 | Scout Tower |
| 2:01 | Scout Tower |
| 2:11 | Peasant |
| 2:16 | Scout Tower |
| 2:17 | Scout Tower |
| 2:21 | Peasant |
| 2:28 | Scout Tower |
| 2:31 | Scout Tower |
| 2:38 | Scout Tower |
| 2:42 | Peasant |
| 2:46 | Guard Tower |
| 2:50 | Guard Tower |
| 2:54 | Blizzard |
| 2:56 | Guard Tower |
| 3:00 | Guard Tower |
| 3:33 | Guard Tower |
| 3:34 | Scout Tower |
| 3:34 | Scout Tower |
| 3:36 | Guard Tower |
| 3:37 | Scout Tower |
| 3:37 | Scout Tower |
| 3:41 | Staff of Teleportation |
| 3:52 | Peasant |
| 4:27 | Peasant |
| 4:34 | Guard Tower |
| 4:43 | Improved Masonry |
| 4:46 | Scout Tower |
| 4:46 | Scout Tower |
| 5:21 | Town Hall |
| 5:25 | Guard Tower |
| 5:26 | Guard Tower |
| 5:27 | Scout Tower |
| 5:28 | Scout Tower |
| 5:33 | Peasant |
| 5:46 | Town Hall |
| 6:02 | Peasant |
| 6:07 | Guard Tower |
| 6:11 | Guard Tower |
| 6:43 | Guard Tower |
| 6:44 | Scout Tower |
| 6:46 | Scout Tower |
| 7:02 | Keep |
| 7:22 | Peasant |
| 7:22 | Peasant |
| 8:01 | Guard Tower |
| 8:02 | Scout Tower |
| 8:04 | Scout Tower |
| 8:04 | Scout Tower |
| 8:06 | Peasant |
| 8:10 | Periapt of Vitality |
| 8:18 | Brilliance Aura |
| 8:24 | Scout Tower |
| 8:25 | Scout Tower |
| 8:26 | Scout Tower |
| 8:27 | Scout Tower |
| 8:27 | Scout Tower |
| 8:29 | Peasant |
| 8:30 | Peasant |
| 8:45 | Scout Tower |
| 8:47 | Scout Tower |
| 8:49 | Scout Tower |
| 8:50 | Scout Tower |
| 9:07 | Peasant |
| 9:08 | Peasant |
| 9:16 | Guard Tower |
| 9:30 | Guard Tower |
| 9:32 | Scout Tower |
| 9:33 | Scout Tower |
| 9:36 | Guard Tower |
| 9:37 | Guard Tower |
| 9:51 | Farm |
| 9:53 | Guard Tower |
| 9:55 | Scout Tower |
| 9:55 | Scout Tower |
| 9:56 | Scout Tower |
| 9:59 | Guard Tower |
| 10:13 | Periapt of Vitality |
| 10:42 | Guard Tower |
| 10:44 | Scout Tower |
| 10:44 | Scout Tower |
| 10:51 | Castle |
| 10:52 | Gryphon Aviary |
| 10:56 | Blacksmith |
| 10:58 | Storm Bolt |
| 11:00 | Guard Tower |
| 11:32 | Guard Tower |
| 11:33 | Arcane Vault |
| 11:37 | Staff of Teleportation |
| 11:39 | Boots of Speed |
| 11:40 | Guard Tower |
| 11:42 | Scout Tower |
| 11:42 | Scout Tower |
| 11:56 | Scout Tower |
| 11:57 | Scout Tower |
| 11:58 | Peasant |
| 12:04 | Advanced Masonry |
| 12:05 | Improved Lumber Harvesting |
| 12:13 | Goblin Sapper |
| 12:17 | Goblin Zeppelin |
| 12:52 | Blizzard |
| 12:55 | Guard Tower |
| 12:57 | Scout Tower |
| 12:57 | Scout Tower |
| 13:04 | Scout Tower |
| 13:05 | Scout Tower |
| 13:06 | Scout Tower |
| 13:08 | Peasant |
| 13:19 | Scout Tower |
| 13:20 | Scout Tower |
| 13:22 | Scout Tower |
| 13:36 | Guard Tower |
| 13:39 | Scout Tower |
| 13:40 | Scout Tower |
| 13:46 | Guard Tower |
| 13:47 | Guard Tower |
| 13:52 | Guard Tower |
| 14:15 | Guard Tower |
| 14:17 | Guard Tower |
| 14:25 | Arcane Vault |
| 14:51 | Guard Tower |
| 14:53 | Scout Tower |
| 14:54 | Scout Tower |
| 14:54 | Scout Tower |
| 15:26 | Scroll of Regeneration |
| 15:28 | Staff of Sanctuary |
| 15:28 | Orb of Fire |
| 15:29 | Potion of Healing |
| 15:31 | Potion of Healing |
| 15:33 | Guard Tower |
| 15:35 | Scout Tower |
| 15:36 | Scout Tower |
| 15:45 | Bash |
| 16:05 | Scout Tower |
| 16:05 | Scout Tower |
| 16:06 | Scout Tower |
| 16:08 | Brilliance Aura |
| 16:17 | Scout Tower |
| 16:18 | Scout Tower |
| 16:19 | Guard Tower |
| 16:22 | Scout Tower |
| 16:49 | Guard Tower |
| 16:54 | Scout Tower |
| 16:55 | Scout Tower |
| 17:01 | Guard Tower |
| 17:03 | Scout Tower |
| 17:05 | Scout Tower |
| 17:13 | Guard Tower |
| 17:27 | Scroll of Regeneration |
| 17:31 | Scroll of Regeneration |
| 17:34 | Guard Tower |
| 17:36 | Scout Tower |
| 17:39 | Scout Tower |
| 17:40 | Scout Tower |
| 18:11 | Guard Tower |
| 18:14 | Scout Tower |
| 18:27 | Scout Tower |
| 18:43 | Guard Tower |
| 18:50 | Scout Tower |
| 18:51 | Scout Tower |
| 18:51 | Scout Tower |
| 19:00 | Peasant |
| 19:00 | Peasant |
| 19:07 | Scout Tower |
| 19:15 | Holy Light |
| 19:28 | Staff of Sanctuary |
| 20:05 | Orb of Fire |
| 20:14 | Lumber Mill |
| 20:17 | Scout Tower |
| 20:17 | Scout Tower |
| 20:17 | Scout Tower |
| 20:18 | Scout Tower |
| 20:19 | Scout Tower |
| 20:19 | Scout Tower |
| 20:20 | Scout Tower |
| 20:20 | Scout Tower |
| 20:21 | Scout Tower |
| 20:23 | Peasant |
| 20:23 | Peasant |
| 20:43 | Scout Tower |
| 20:44 | Studded Leather Armor |
| 20:50 | Arcane Vault |
| 21:13 | Arcane Tower |
| 21:46 | Scout Tower |
| 21:46 | Scout Tower |
| 21:46 | Scout Tower |
| 21:55 | Scout Tower |
| 21:56 | Scout Tower |
| 21:56 | Scout Tower |
| 21:56 | Scout Tower |
| 21:58 | Farm |
| 22:53 | Scout Tower |
| 22:53 | Scout Tower |
| 22:54 | Scout Tower |
| 23:24 | Scout Tower |
| 23:25 | Scout Tower |
| 23:36 | Storm Bolt |
| 23:48 | Scout Tower |
| 24:33 | Scout Tower |
| 24:52 | Guard Tower |
| 24:52 | Scout Tower |
| 24:53 | Scout Tower |
| 25:00 | Scout Tower |
| 25:26 | Scout Tower |
| 26:15 | Blizzard |
| 26:16 | Divine Shield |
| 26:50 | Guard Tower |
| 26:59 | Scout Tower |
| 27:00 | Scout Tower |
| 27:09 | Peasant |
| 27:10 | Peasant |
| 27:32 | Scout Tower |
| 27:33 | Scout Tower |
| 27:35 | Scout Tower |
| 27:51 | Scout Tower |
| 28:12 | Holy Light |
| 28:29 | Guard Tower |
| 28:30 | Scout Tower |
| 28:30 | Scout Tower |
| Right click | 2519 |
| Select | 1679 |
| Select group | 290 |
| Assign group | 155 |
| Build/train/purchase | 154 |
| Use ability | 114 |
| Resource trade | 11 |
| Misc. action | 5 |
| Minimap ping | 5 |
| Item give/drop | 1 |


| Potion of Healing | 2 | 300 |
| Moonstone | 1 | 50 |
| Staff of Preservation | 2 | 300 |
| Orb of Venom | 1 | 325 |
| Boots of Speed | 2 | 500 |
| Staff of Teleportation | 2 | 300 |
| Periapt of Vitality | 1 | 325 |
| Circlet of Nobility | 3 | 525 |
| total: | 14 | 2625g |
| Wisp | 50 | 3000 | / | 0 |
| total: | 50 | 3000g | / | 0w |
| Altar of Elders | 1 | 180 | / | 50 |
| Moon Well | 36 | 6480 | / | 1440 |
| Hunter's Hall | 1 | 210 | / | 100 |
| Tree of Life | 6 | 2040 | / | 1110 |
| Ancient of Wonders | 4 | 360 | / | 120 |
| Tree of Ages | 2 | 640 | / | 360 |
| Tree of Eternity | 1 | 330 | / | 200 |
| total: | 48 | 9270g | / | 2820w |
| 0:02 | Wisp |
| 0:06 | Altar of Elders |
| 0:15 | Wisp |
| 0:23 | Moon Well |
| 0:24 | Wisp |
| 0:30 | Wisp |
| 0:34 | Wisp |
| 0:45 | Wisp |
| 0:58 | Wisp |
| 1:19 | Moon Well |
| 1:21 | Wisp |
| 1:25 | Wisp |
| 1:34 | Moon Well |
| 1:36 | Wisp |
| 1:58 | Moon Well |
| 1:59 | Wisp |
| 2:13 | Entangling Roots |
| 2:15 | Wisp |
| 2:37 | Moon Well |
| 2:44 | Wisp |
| 2:52 | Wisp |
| 3:03 | Wisp |
| 3:22 | Wisp |
| 3:54 | Tree of Ages |
| 4:17 | Moon Well |
| 4:31 | Boots of Speed |
| 4:39 | Moon Well |
| 5:33 | Moon Well |
| 5:35 | Moon Well |
| 5:59 | Thorns Aura |
| 6:16 | Tree of Eternity |
| 6:37 | Frost Arrows |
| 8:13 | Boots of Speed |
| 8:20 | Staff of Teleportation |
| 8:48 | Moon Well |
| 9:03 | Hunter's Hall |
| 9:06 | Wisp |
| 9:06 | Wisp |
| 9:50 | Tree of Life |
| 10:04 | Wisp |
| 10:04 | Wisp |
| 10:04 | Wisp |
| 10:42 | Well Spring |
| 10:45 | Tree of Life |
| 10:47 | Moon Well |
| 11:33 | Ancient of Wonders |
| 11:53 | Tree of Life |
| 12:03 | Nature's Blessing |
| 12:30 | Forked Lightning |
| 12:48 | Tree of Life |
| 12:57 | Wisp |
| 12:57 | Wisp |
| 13:00 | Ancient of Wonders |
| 13:05 | Entangling Roots |
| 13:44 | Wisp |
| 13:44 | Wisp |
| 13:44 | Wisp |
| 13:45 | Wisp |
| 13:46 | Wisp |
| 14:04 | Periapt of Vitality |
| 14:21 | Staff of Teleportation |
| 14:25 | Circlet of Nobility |
| 15:07 | Wisp |
| 15:07 | Wisp |
| 15:07 | Wisp |
| 15:08 | Wisp |
| 15:08 | Wisp |
| 15:19 | Wisp |
| 15:19 | Wisp |
| 15:41 | Moon Well |
| 15:54 | Moon Well |
| 15:57 | Moon Well |
| 15:58 | Moon Well |
| 15:59 | Moon Well |
| 16:04 | Wisp |
| 17:58 | Potion of Healing |
| 18:00 | Moonstone |
| 18:02 | Potion of Healing |
| 18:33 | Wisp |
| 18:33 | Wisp |
| 18:33 | Wisp |
| 18:33 | Wisp |
| 18:33 | Wisp |
| 19:11 | Ancient of Wonders |
| 19:14 | Ancient of Wonders |
| 19:33 | Tree of Life |
| 19:52 | Moon Well |
| 20:46 | Wisp |
| 20:46 | Wisp |
| 20:46 | Wisp |
| 20:46 | Wisp |
| 20:48 | Wisp |
| 20:48 | Wisp |
| 20:48 | Wisp |
| 20:50 | Wisp |
| 20:50 | Wisp |
| 20:55 | Moon Well |
| 20:56 | Moon Well |
| 21:03 | Moon Well |
| 21:04 | Moon Well |
| 21:38 | Moon Well |
| 21:42 | Staff of Preservation |
| 21:52 | Circlet of Nobility |
| 22:06 | Moon Well |
| 22:55 | Moon Well |
| 23:08 | Moon Well |
| 23:35 | Orb of Venom |
| 23:37 | Staff of Preservation |
| 23:43 | Moon Well |
| 23:43 | Moon Well |
| 24:56 | Moon Well |
| 26:11 | Tree of Life |
| 26:41 | Moon Well |
| 26:42 | Moon Well |
| 26:48 | Moon Well |
| 26:49 | Moon Well |
| 26:50 | Moon Well |
| 26:57 | Circlet of Nobility |
| 27:47 | Forked Lightning |
| 29:00 | Moon Well |
| 29:11 | Moon Well |
| 29:12 | Moon Well |
| Right click | 2032 |
| Select group | 739 |
| Assign group | 435 |
| Select | 320 |
| Resource trade | 188 |
| Build/train/purchase | 131 |
| Use ability | 68 |
| Chat | 19 |
| Misc. action | 8 |
| Item give/drop | 1 |
| Remove unit | 1 |
| Minimap ping | 1 |
132 units @ 19.7k
/ 3.6k
66 buildings @ 7.7k
/ 3.1k

| Orb of Fire | 1 | 325 |
| Staff of Sanctuary | 1 | 250 |
| Lesser Clarity Potion | 2 | 140 |
| Scroll of Regeneration | 5 | 500 |
| Potion of Healing | 6 | 900 |
| Scroll of Town Portal | 2 | 700 |
| total: | 17 | 2815g |
| Peasant | 9 | 675 | / | 0 |
| Footman | 8 | 1080 | / | 0 |
| Gryphon Rider | 8 | 2240 | / | 560 |
| Goblin Zeppelin | 2 | 480 | / | 120 |
| total: | 27 | 4475g | / | 680w |
| Scout Tower | 2 | 60 | / | 40 |
| Arcane Tower | 1 | 70 | / | 50 |
| Altar of Kings | 1 | 180 | / | 50 |
| Barracks | 1 | 160 | / | 60 |
| Farm | 12 | 960 | / | 240 |
| Lumber Mill | 1 | 120 | / | 0 |
| Blacksmith | 2 | 280 | / | 120 |
| Arcane Vault | 1 | 130 | / | 30 |
| Town Hall | 1 | 385 | / | 205 |
| Gryphon Aviary | 2 | 280 | / | 300 |
| Keep | 1 | 320 | / | 210 |
| Castle | 2 | 720 | / | 420 |
| total: | 23 | 2555g | / | 1045w |
| 0:02 | Peasant |
| 0:08 | Altar of Kings |
| 0:14 | Peasant |
| 0:19 | Barracks |
| 0:30 | Peasant |
| 0:34 | Farm |
| 0:46 | Peasant |
| 0:49 | Farm |
| 1:01 | Peasant |
| 1:03 | Peasant |
| 1:15 | Peasant |
| 1:24 | Lumber Mill |
| 1:32 | Peasant |
| 1:45 | Footman |
| 1:59 | Peasant |
| 2:11 | Scout Tower |
| 2:14 | Scout Tower |
| 2:18 | Farm |
| 2:24 | Pocket Factory |
| 2:41 | Arcane Tower |
| 2:44 | Footman |
| 3:27 | Farm |
| 3:30 | Farm |
| 3:51 | Keep |
| 3:55 | Footman |
| 4:19 | Blacksmith |
| 5:28 | Footman |
| 5:39 | Footman |
| 5:54 | Footman |
| 6:17 | Castle |
| 6:19 | Gryphon Aviary |
| 6:21 | Gryphon Aviary |
| 6:25 | Engineering Upgrade |
| 7:03 | Footman |
| 7:06 | Farm |
| 7:12 | Defend |
| 7:50 | Arcane Vault |
| 8:12 | Goblin Zeppelin |
| 8:20 | Footman |
| 9:04 | Gryphon Rider |
| 9:13 | Orb of Fire |
| 9:53 | Gryphon Rider |
| 10:16 | Improved Masonry |
| 10:22 | Pocket Factory |
| 10:58 | Gryphon Rider |
| 10:59 | Storm Hammers |
| 11:30 | Staff of Sanctuary |
| 11:39 | Lesser Clarity Potion |
| 11:44 | Scroll of Regeneration |
| 11:53 | Farm |
| 11:56 | Farm |
| 11:58 | Farm |
| 12:07 | Blacksmith |
| 12:29 | Farm |
| 12:31 | Farm |
| 12:33 | Gryphon Rider |
| 13:09 | Farm |
| 13:11 | Gryphon Rider |
| 13:33 | Iron Forged Swords |
| 15:21 | Scroll of Regeneration |
| 15:23 | Potion of Healing |
| 15:26 | Scroll of Town Portal |
| 15:27 | Potion of Healing |
| 15:29 | Gryphon Rider |
| 15:33 | Scroll of Regeneration |
| 15:49 | Potion of Healing |
| 16:43 | Engineering Upgrade |
| 17:32 | Gryphon Rider |
| 17:32 | Gryphon Rider |
| 18:32 | Scroll of Regeneration |
| 18:35 | Lesser Clarity Potion |
| 18:39 | Scroll of Town Portal |
| 18:59 | Pocket Factory |
| 20:09 | Steel Forged Swords |
| 20:14 | Scroll of Regeneration |
| 20:16 | Potion of Healing |
| 20:19 | Potion of Healing |
| 20:57 | Goblin Zeppelin |
| 21:56 | Potion of Healing |
| 22:57 | Town Hall |
| 25:33 | Robo-Goblin |
| Right click | 2134 |
| Select | 401 |
| Misc. action | 213 |
| Select group | 158 |
| Build/train/purchase | 87 |
| Use ability | 61 |
| Chat | 56 |
| Assign group | 26 |
| Esc | 3 |
| Item give/drop | 2 |
| Minimap ping | 2 |
| Remove unit | 1 |

| Acolyte | 9 | 675 | / | 0 |
| Ghoul | 10 | 1200 | / | 0 |
| Obsidian Statue | 10 | 2000 | / | 350 |
| Abomination | 4 | 960 | / | 280 |
| Meat Wagon | 5 | 1150 | / | 250 |
| Goblin Sapper | 2 | 430 | / | 200 |
| total: | 40 | 6415g | / | 1080w |
| Nerubian Tower | 1 | 100 | / | 20 |
| Spirit Tower | 1 | 145 | / | 40 |
| Crypt | 1 | 200 | / | 50 |
| Ziggurat | 10 | 1500 | / | 500 |
| Altar of Darkness | 1 | 180 | / | 50 |
| Graveyard | 1 | 215 | / | 0 |
| Tomb of Relics | 1 | 130 | / | 30 |
| Slaughterhouse | 2 | 280 | / | 270 |
| Halls of the Dead | 1 | 320 | / | 210 |
| Black Citadel | 1 | 325 | / | 230 |
| total: | 16 | 2505g | / | 900w |
| 0:04 | Acolyte |
| 0:04 | Acolyte |
| 0:12 | Crypt |
| 0:15 | Ziggurat |
| 0:23 | Ziggurat |
| 0:40 | Altar of Darkness |
| 1:04 | Graveyard |
| 1:16 | Ghoul |
| 1:27 | Ghoul |
| 1:42 | Ghoul |
| 1:55 | Ghoul |
| 2:08 | Ziggurat |
| 2:22 | Tomb of Relics |
| 2:32 | Unholy Strength |
| 2:59 | Sleep |
| 3:01 | Ghoul |
| 3:02 | Ghoul |
| 3:46 | Halls of the Dead |
| 3:47 | Ghoul |
| 4:31 | Nerubian Tower |
| 4:32 | Ziggurat |
| 4:46 | Ghoul |
| 5:20 | Spirit Tower |
| 5:22 | Ziggurat |
| 5:54 | Ghoul |
| 6:10 | Slaughterhouse |
| 6:11 | Slaughterhouse |
| 6:19 | Black Citadel |
| 7:02 | Vampiric Aura |
| 7:28 | Ghoul |
| 7:31 | Obsidian Statue |
| 7:36 | Obsidian Statue |
| 7:36 | Obsidian Statue |
| 8:14 | Obsidian Statue |
| 8:50 | Abomination |
| 8:59 | Ziggurat |
| 9:52 | Meat Wagon |
| 10:00 | Acolyte |
| 10:10 | Unholy Armor |
| 10:16 | Sleep |
| 10:42 | Acolyte |
| 11:28 | Obsidian Statue |
| 11:33 | Acolyte |
| 11:33 | Acolyte |
| 12:40 | Disease Cloud |
| 12:45 | Acolyte |
| 12:46 | Acolyte |
| 12:47 | Ziggurat |
| 12:47 | Ziggurat |
| 12:48 | Ziggurat |
| 12:51 | Acolyte |
| 13:47 | Vampiric Aura |
| 13:59 | Meat Wagon |
| 14:00 | Improved Unholy Strength |
| 14:03 | Ghoul Frenzy |
| 14:22 | Meat Wagon |
| 14:59 | Abomination |
| 15:21 | Destroyer Form |
| 15:53 | Obsidian Statue |
| 16:24 | Abomination |
| 16:26 | Advanced Unholy Strength |
| 17:49 | Ziggurat |
| 19:51 | Meat Wagon |
| 20:21 | Sleep |
| 20:42 | Abomination |
| 20:58 | Goblin Sapper |
| 20:58 | Goblin Sapper |
| 23:14 | Obsidian Statue |
| 24:09 | Obsidian Statue |
| 24:26 | Obsidian Statue |
| 25:57 | Obsidian Statue |
| 25:59 | Inferno |
| 27:14 | Meat Wagon |
| Right click | 1310 |
| Select group | 607 |
| Select | 291 |
| Build/train/purchase | 86 |
| Assign group | 65 |
| Misc. action | 63 |
| Chat | 41 |
| Use ability | 35 |
| Remove unit | 4 |
| Minimap ping | 4 |
| Item give/drop | 1 |
| Esc | 1 |


| Scroll of Regeneration | 1 | 100 |
| total: | 1 | 100g |
| Peasant | 26 | 1950 | / | 0 |
| Footman | 4 | 540 | / | 0 |
| Rifleman | 8 | 1640 | / | 240 |
| Mortar Team | 23 | 4140 | / | 1610 |
| Priest | 4 | 540 | / | 40 |
| total: | 65 | 8810g | / | 1890w |
| Scout Tower | 8 | 240 | / | 160 |
| Arcane Tower | 3 | 210 | / | 150 |
| Guard Tower | 1 | 70 | / | 50 |
| Altar of Kings | 1 | 180 | / | 50 |
| Farm | 8 | 640 | / | 160 |
| Barracks | 1 | 160 | / | 60 |
| Lumber Mill | 3 | 360 | / | 0 |
| Blacksmith | 1 | 140 | / | 60 |
| Arcane Vault | 1 | 130 | / | 30 |
| Town Hall | 1 | 385 | / | 205 |
| Cannon Tower | 2 | 240 | / | 200 |
| Workshop | 2 | 280 | / | 280 |
| Arcane Sanctum | 1 | 150 | / | 140 |
| Keep | 1 | 320 | / | 210 |
| total: | 27 | 2665g | / | 1145w |
| 0:03 | Peasant |
| 0:03 | Peasant |
| 0:09 | Altar of Kings |
| 0:23 | Farm |
| 0:36 | Barracks |
| 0:53 | Peasant |
| 0:54 | Peasant |
| 1:02 | Farm |
| 1:22 | Lumber Mill |
| 1:24 | Peasant |
| 1:49 | Farm |
| 1:50 | Footman |
| 1:50 | Footman |
| 2:26 | Peasant |
| 2:33 | Scout Tower |
| 2:37 | Footman |
| 2:39 | Summon Water Elemental |
| 3:04 | Arcane Tower |
| 3:14 | Farm |
| 3:23 | Footman |
| 3:51 | Blacksmith |
| 3:56 | Farm |
| 4:18 | Scout Tower |
| 4:47 | Farm |
| 4:49 | Arcane Tower |
| 5:12 | Rifleman |
| 5:12 | Rifleman |
| 5:13 | Peasant |
| 5:30 | Arcane Vault |
| 6:05 | Rifleman |
| 6:30 | Rifleman |
| 6:32 | Keep |
| 6:48 | Scroll of Regeneration |
| 7:27 | Town Hall |
| 8:23 | Rifleman |
| 8:24 | Rifleman |
| 8:54 | Black Gunpowder |
| 9:08 | Workshop |
| 9:42 | Long Rifles |
| 10:07 | Improved Lumber Harvesting |
| 10:11 | Peasant |
| 10:11 | Peasant |
| 10:22 | Mortar Team |
| 10:26 | Farm |
| 10:29 | Peasant |
| 10:30 | Peasant |
| 10:30 | Peasant |
| 10:30 | Peasant |
| 10:55 | Workshop |
| 11:05 | Brilliance Aura |
| 11:22 | Scout Tower |
| 11:23 | Mortar Team |
| 11:48 | Mortar Team |
| 11:53 | Farm |
| 11:59 | Lumber Mill |
| 12:14 | Mortar Team |
| 12:55 | Mortar Team |
| 13:26 | Guard Tower |
| 13:58 | Flame Strike |
| 14:10 | Mortar Team |
| 15:23 | Mortar Team |
| 16:09 | Peasant |
| 16:09 | Peasant |
| 16:10 | Peasant |
| 16:10 | Peasant |
| 16:25 | Peasant |
| 16:25 | Peasant |
| 16:34 | Rifleman |
| 16:34 | Rifleman |
| 16:36 | Mortar Team |
| 16:52 | Mortar Team |
| 17:03 | Scout Tower |
| 17:04 | Scout Tower |
| 17:06 | Scout Tower |
| 17:27 | Scout Tower |
| 17:40 | Peasant |
| 17:40 | Peasant |
| 17:42 | Cannon Tower |
| 18:26 | Mortar Team |
| 19:25 | Mortar Team |
| 19:48 | Mortar Team |
| 20:14 | Lumber Mill |
| 20:15 | Peasant |
| 20:16 | Peasant |
| 20:19 | Mortar Team |
| 21:22 | Mortar Team |
| 22:04 | Peasant |
| 22:04 | Peasant |
| 22:09 | Mortar Team |
| 22:14 | Refined Gunpowder |
| 23:11 | Mortar Team |
| 24:06 | Mortar Team |
| 24:49 | Mortar Team |
| 24:56 | Peasant |
| 25:20 | Arcane Sanctum |
| 25:41 | Mortar Team |
| 25:41 | Mortar Team |
| 25:43 | Mortar Team |
| 26:37 | Priest |
| 26:38 | Priest |
| 26:39 | Priest |
| 26:39 | Priest |
| 26:43 | Scout Tower |
| 26:45 | Cannon Tower |
| 27:19 | Mortar Team |
| 27:36 | Arcane Tower |
| 28:16 | Mortar Team |
| 28:37 | Priest Adept Training |
| Right click | 1348 |
| Select | 491 |
| Select group | 277 |
| Build/train/purchase | 93 |
| Assign group | 45 |
| Chat | 11 |
| Use ability | 7 |
| Minimap ping | 6 |
| Remove unit | 2 |
⇛